 Dungeon Crawl Stone Soup version 0.31-a0-1084-gb392501acf (webtiles) character file.

Game seed: 13496187565560684213

957 Vyran the Cudgeller (level 7, -10/61 HPs)
             Began as a Troll Fighter on Nov 28, 2023.
             Was a Follower of Hepliaklqana.
             Mangled by a troll (13 damage)
             ... on level 6 of the Dungeon.
             The game lasted 00:31:41 (4725 turns).

Vyran the Cudgeller (Troll Fighter)                 Turns: 4725, Time: 00:31:42

Health: -10/61     AC:  5    Str: 27    XL:     7   Next: 91%
Magic:  0/6        EV:  9    Int:  4    God:    Hepliaklqana [*.....]
Gold:   173        SH:  8    Dex:  9    Spells: 6/6 levels left

rFire   . . .        G - +3 flail (holy)
rCold   . . .        c - +0 kite shield
rNeg    . . .        b - +0 robe
rPois   .            (helmet restricted)
rElec   .            g - +0 cloak
rCorr   +            (gloves unavailable)
SInv    +            (boots unavailable)
Will    .....        C - amulet of guardian spirit
Stlth   +            r - ring of resist corrosion
HPRegen 1.10/turn    D - ring of see invisible
MPRegen 0.10/turn

%: guardian spirit
@: no status effects
A: reduced essence, large, unfitting armour, claws 3, regeneration 1, shaggy fur
1, tough skin 1
a: Renounce Religion, Recall Ancestor, Ancestor Identity


You were on level 6 of the Dungeon.
You worshipped Hepliaklqana.
Hepliaklqana was aware of your devotion.
You visited 1 branch of the dungeon, and saw 6 of its levels.
You also visited: Sewer.

You collected 310 gold pieces.
You spent 137 gold pieces at shops.

Inventory:

Hand Weapons
 a - a +0 flail
 j - a +2 dagger of holy wrath
 p - a +0 mace
 t - a +0 giant spiked club
 w - a +0 sling
 G - a +3 flail of holy wrath (weapon)
 J - a +0 morningstar
Missiles
 k - 25 stones (quivered)
 s - 3 boomerangs
 v - 5 poisoned darts
Armour
 b - a +0 robe (worn)
 c - a +0 kite shield (worn)
 g - a +0 cloak (worn)
Jewellery
 f - an amulet of faith
 r - a ring of resist corrosion (left claw)
 C - an amulet of guardian spirit (around neck)
 D - a ring of see invisible (right claw)
 E - a ring of magical power
Wands
 l - a wand of flame (51)
Scrolls
 h - 3 scrolls of identify
 i - 4 scrolls of teleportation
 n - 2 scrolls of amnesia {unknown}
 u - a scroll of noise {unknown}
 x - 3 scrolls of vulnerability {unknown}
 y - a scroll of enchant armour {unknown}
Potions
 d - 3 potions of might
 e - 2 potions of invisibility {unknown}
 m - a potion of lignification {unknown}
 o - 5 potions of curing {unknown}
 q - a potion of cancellation {unknown}
 z - 2 potions of magic {unknown}
 A - a potion of berserk rage {unknown}
 B - 2 potions of degeneration {unknown}
 F - a potion of mutation {unknown}
 H - 5 potions of enlightenment
 I - a potion of resistance {unknown}


   Skills:
 + Level 3.7 Fighting
 + Level 5.3 Maces & Flails
 + Level 0.4 Throwing
 + Level 4.3 Dodging
 + Level 0.8 Stealth
 + Level 4.5 Shields


You had 6 spell levels left.
You didn't know any spells.
Your spell library contained the following spells:

 Spells                   Type           Power      Damage    Failure   Level
 Necrotise                Necr           0%         1d4       73%         1
 Vampiric Draining        Necr           0%         2d6       97%         3
 Agony                    Necr           0%         N/A       100%        5


Dungeon Overview and Level Annotations

Branches:
Dungeon (6/15)              Sewer (visited)
 Temple: D:4-7

Altars:
Ashenzari
Elyvilon
Hepliaklqana
Uskayaw

Shops:
D:2 !?   D:5 :[?[


Innate Abilities, Weirdness & Mutations

Your life essence is reduced to manifest your ancestor. (-10% HP)
You are too large for most types of armour.
You have claws for hands.
Your natural rate of healing is unusually fast.
You are covered in fur. (AC +1)
You have tough skin. (AC +1)


Message History

You swap places.
You now have 173 gold pieces (gained 8).
Magic restored.
A troll comes into view.
The troll shouts!
The troll bites you! The troll claws you. The troll claws you!
You hit the troll.
The troll is lightly wounded.
You block the troll's attack. The troll barely misses you. The troll claws you.
Servia completely misses the troll.
You hit the troll.
The troll is lightly wounded.
You block the troll's attack. The troll claws you. The troll claws you!
Servia barely misses the troll.
Servia hits the troll.
You block the troll's attack. The troll barely misses you. x2
You hit the troll but do no damage.
The troll is lightly wounded.
The troll completely misses you. You block the troll's attack.
The troll closely misses you.
Servia hits the troll.
You hit the troll.
The troll is moderately wounded.
You block the troll's attack. The troll claws you. The troll barely misses you.
Servia barely misses the troll.
You closely miss the troll.
The troll is moderately wounded.
The troll bites you! You block the troll's attack. The troll claws you!
* * * LOW HITPOINT WARNING * * *
Servia closely misses the troll.
You swap places.
The troll closely misses you. The troll claws you!
* * * LOW HITPOINT WARNING * * *
You block the troll's attack.
Servia hits the troll.
Servia closely misses the troll.
The troll attacks as it pursues you! The troll barely misses you.
You block the troll's attack. The troll claws you!
* * * LOW HITPOINT WARNING * * *
You sock the troll!
The troll is moderately wounded.
You block the troll's attack. x2; The troll barely misses you.
Servia hits the troll.
Servia closely misses the troll.
The troll bites you!
You die...

######### #.......#
#.......# ###..<....#
..........#
.##.......#
.##.......#####
.#............########
.#.###[######...@TR..#
.#.# #.# ########.#
...# #.# #.# .### #.#
#.# .# #.# .# #.# .#
#.# .# #.# .#


You could see the friendly Servia the ancestor and a troll (ally target).

Vanquished Creatures
  Sigmund (D:2)
  3 ogres
  A scorpion (D:5)
  An orc priest (D:3)
  A hound (D:5)
  Ijyb (D:5)
  An iguana (D:6)
  2 orc wizards (D:3)
  A sickly merfolk siren (Sewer)
  A malarious merfolk avatar (Sewer)
  Robin (D:2)
  9 adders
  2 worms (D:2)
  3 dart slugs
  22 orcs
  19 ball pythons
  4 endoplasms
  6 giant cockroaches
  13 goblins
  9 hobgoblins
  5 quokkas
  9 bats
  2 frilled lizards
  5 kobolds
  25 rats
147 creatures vanquished.

Vanquished Creatures (collateral kills)
  A hound (D:6)
1 creature vanquished.

Grand Total: 148 creatures vanquished

Notes
Turn   | Place    | Note
-------+----------+-------------------------------------------
     0 | D:1      | Vyran the Troll Fighter began the quest for the Orb.
     0 | D:1      | Reached XP level 1. HP: 22/22 MP: 0/0
   152 | D:1      | Reached XP level 2. HP: 24/29 MP: 1/1
   154 | D:1      | You fall into a shaft and drop 1 floor!
   167 | D:2      | Noticed Robin
   220 | D:2      | Reached XP level 3. HP: 36/36 MP: 2/2
   224 | D:2      | Killed Robin
   710 | D:1      | Reached skill level 2 in Maces & Flails
   729 | D:2      | Found a hide-covered altar of Uskayaw.
   787 | D:2      | Found a faded altar of an unknown god.
   796 | D:2      | Prayed at the altar of an unknown god.
   796 | D:2      | Became a worshipper of Elyvilon the Healer
   796 | D:2      | Reached * piety under Elyvilon
   956 | D:2      | Noticed Sigmund
  1165 | D:2      | Killed Sigmund
  1166 | D:2      | Reached skill level 3 in Maces & Flails
  1166 | D:2      | Reached XP level 4. HP: 28/45 MP: 3/3
  1166 | D:2      | Reached XP level 5. HP: 33/53 MP: 4/4
  1250 | D:2      | Found Bokon's Magic Scroll Shoppe.
  1273 | D:2      | Bought a scroll of identify for 22 gold pieces
  1273 | D:2      | Bought a scroll of teleportation for 33 gold pieces
  1341 | D:2      | Found Cary's Distillery.
  1501 | D:2      | Reached ** piety under Elyvilon
  1848 | D:3      | Reached XP level 6. HP: 18/61 MP: 5/5
  2646 | D:3      | Reached *** piety under Elyvilon
  2943 | D:4      | Reached skill level 4 in Maces & Flails
  3230 | D:4      | Found a broken altar of Ashenzari.
  3230 | D:4      | Found a hazy altar of Hepliaklqana.
  3363 | D:4      | Fell from the grace of Elyvilon
  3365 | D:4      | Became a worshipper of Hepliaklqana the Forgotten
  3607 | D:5      | Entered Level 5 of the Dungeon
  3608 | D:5      | Noticed Ijyb
  3621 | D:5      | Killed Ijyb
  3726 | D:5      | Reached XP level 7. HP: 67/67 MP: 4/6
  3807 | D:5      | Found Gautze's Armour Boutique.
  3825 | D:5      | Found Jyugaf's Magic Scroll Boutique.
  3844 | D:5      | Found Entek's Book Boutique.
  3844 | D:5      | Found Wamo's Armour Boutique.
  3853 | D:5      | Bought a scroll of enchant weapon for 82 gold pieces
  3957 | D:5      | Found a glowing drain.
  3974 | Sewer    | Entered a sewer
  4361 | D:5      | Reached skill level 5 in Maces & Flails
  4365 | D:5      | Reached * piety under Hepliaklqana
  4714 | D:6      | Noticed a troll
  4724 | D:6      | HP: 2/61 [troll (9)]
  4725 | D:6      | Mangled by a troll

Illustrated notes

Levels and vault maps discovered:
D:1:      erik_arrival_triangle_medium, layout_basic
D:2:      layout_basic, serial_shops,
          nicolae_shop_temple_entry_statues_fountains, shop, basic_altar,
          hellmonk_ecumenical_altar_zigzags, uniq_sigmund, uniq_robin
D:3:      layout_loops_corners
D:4:      layout_loops_ring, gammafunk_temple_overflow_pools,
          chequers_serial_rivers_micro_c
D:5:      layout_rooms, portal_sewer_entry_f, minmay_shop_grid_forest, uniq_ijyb
D:6:      layout_loops_ring, serial_demonic, serial_demonic_c, serial_demonic_g,
          serial_demonic_a, serial_demonic_d

Skill      XL: |  1  2  3  4  5  6  7 |
---------------+----------------------+-----
Shields        | 3 4 |  4.5
Dodging        | 3 4 |  4.3
Maces & Flails | 3 4 5 |  5.3
Fighting       | 3 |  3.7
Throwing       | |  0.4
Stealth        | |  0.8

Action                     |  1- 3 |  4- 6 |  7- 9 || total
---------------------------+-------+-------+-------++-------
  Melee: Flail             |   148 |    18 |   151 ||   317
         Mace              |       |   195 |    23 ||   218
  Throw: Stone             |       |    12 |    14 ||    26
 Invoke: Renounce Religion |       |     1 |       ||     1
    Use: Scroll            |       |       |     2 ||     2
   Stab: Sleeping          |     1 |       |       ||     1
 Armour: Robe              |   110 |   131 |    86 ||   327
  Dodge: Dodged            |    55 |    68 |    70 ||   193
  Block: Kite shield       |    77 |    84 |    84 ||   245

Table legend: (Time is in decaauts)
 A = Elapsed time spent in this place.
 B = Non-inter-level travel time spent in this place.
 C = Inter-level travel time spent in this place.
 D = Time resting spent in this place.
 E = Time spent auto-exploring this place.
 F = Levels seen in this place.
 G = Mean time per level.
                   A        B        C        D        E       F      G
               +--------+--------+--------+--------+--------+-----+--------+
         Total |   4906 |   4853 |     53 |    486 |   1844 |   7 |  700.9 |
       Dungeon |   4531 |   4478 |     53 |    486 |   1820 |   6 |  755.2 |
         Sewer |    375 |    375 |      0 |      0 |     24 |   1 |  375.0 |
               +--------+--------+--------+--------+--------+-----+--------+

Top non-repeatable levels by time:
     D:2: 1284 daAuts
     D:3: 908 daAuts
     D:4: 864 daAuts
     D:5: 704 daAuts
     D:1: 672 daAuts
   Sewer: 375 daAuts
     D:6: 96 daAuts
